 Dungeon Crawl Stone Soup version 0.29-a0-477-g62b78b4225 (webtiles) character file.

Game seed: 6651773950808751876

13031 Sobieck the Arsonist (level 11, -4/97 HPs)
             Began as a Demigod Fire Elementalist on May 24, 2022.
             Slain by an eight-headed hydra (6 damage)
             ... on level 2 of the Lair of Beasts.
             The game lasted 00:32:33 (14832 turns).

Sobieck the Arsonist (Demigod Fire Elementalist)   Turns: 14832, Time: 00:32:33

Health: -4/97      AC: 12    Str: 15    XL:     11   Next: 43%
Magic:  20/27      EV: 12    Int: 29    God:
Gold:   1034       SH:  0    Dex: 14    Spells: 20/27 levels left

rFire   . . .      SeeInvis .   x - +1 hunting sling {sling}
rCold   . . .      Faith    .   (no shield)
rNeg    . . .      Spirit   .   U - +0 troll leather armour
rPois   .          Reflect  .   Q - +0 helmet
rElec   .          Harm     .   G - +1 cloak
rCorr   .          Rampage  .   s - +2 pair of gloves
Will    +....                   J - +1 pair of boots {Stlth+}
Stlth   +++.......              (no amulet)
HPRegen 1.06/turn               H - +6 ring of strength
MPRegen 0.20/turn               (no ring)

@: no status effects
A: high MP 1, forlorn, divine attributes
a: no special abilities


You were on level 2 of the Lair of Beasts.
You visited 2 branches of the dungeon, and saw 13 of its levels.

You collected 1278 gold pieces.
You spent 244 gold pieces at shops.


Innate Abilities, Weirdness & Mutations

You have an increased reservoir of magic. (+10% MP)
You shall have no god before yourself.
Your divine heritage dramatically boosts your attributes as you level up.


   Skills:
 + Level 9.1 Fighting
 - Level 2.0 Armour
 - Level 3.0 Dodging
 - Level 3.0 Stealth
 + Level 0.6 Shields
 + Level 8.5 Spellcasting
 - Level 7.0 Conjurations
 + Level 9.1 Fire Magic


You had 20 spell levels left.
You knew the following spells:

 Your Spells              Type           Power      Damage    Failure   Level
a - Foxfire               Conj/Fire      100%       2x1d9     1%          1
b - Scorch                Fire           100%       2d10      1%          2
c - Flame Wave            Conj/Fire      56%        2d11      1%          4

Your spell library contained the following spells:

 Spells                   Type           Power      Damage    Failure   Level
 Conjure Flame            Conj/Fire      56%        6-21      1%          3
 Inner Flame              Hex/Fire       38%        N/A       2%          3
 Ignite Poison            Fire/Tmut/Pois 30%        N/A       4%          3
 Mephitic Cloud           Conj/Pois/Air  25%        N/A       6%          3
 Blink                    Tloc           24%        N/A       9%          2
 Lesser Beckoning         Tloc           12%        N/A       16%         3
 Ozocubu's Armour         Ice            12%        N/A       16%         3
 Leda's Liquefaction      Hex/Erth       6%         N/A       47%         4
 Freezing Cloud           Conj/Ice/Air   12%        6-21      50%         5
 Lee's Rapid Deconstruct  Erth           6%         3d7*      83%         5
 Manifold Assault         Tloc           12%        N/A       83%         5
 Metabolic Englaciation   Hex/Ice        6%         N/A       83%         5
 Simulacrum               Ice/Necr       6%         N/A       100%        6
 Statue Form              Tmut/Erth      8%         N/A       100%        6

Inventory:

Hand Weapons
 x - a +1 hunting sling (weapon) {sling}
   (You found it on level 3 of the Dungeon)
 z - a +0 flail of protection {mace}
   (You found it on level 7 of the Dungeon)
 K - a +0 whip {mace}
   (You took it off a kobold on level 8 of the Dungeon)
 M - a +0 short sword {short}
   (You took it off a kobold on level 8 of the Dungeon)
 O - a +0 club {mace}
   (You took it off a kobold on level 8 of the Dungeon)
 P - a +0 hand crossbow {crossbow}
   (You took it off a kobold on level 8 of the Dungeon)
 S - a +2 scimitar of flaming {long}
   (You took it off Erica on level 8 of the Dungeon)
Missiles
 f - 3 curare-tipped darts {=fthrowing}
 g - 24 poisoned darts {throwing}
 p - 8 javelins {throwing}
 q - 12 boomerangs {throwing}
 w - 63 stones {throwing}
 E - 6 atropa-tipped darts {throwing}
Armour
 m - a +0 buckler
   (You found it on level 1 of the Lair of Beasts)
 s - a +2 pair of gloves (worn)
   (You found it on level 3 of the Dungeon)
 G - a +1 cloak (worn)
   (You found it on level 5 of the Dungeon)
 J - a +1 pair of boots of stealth (worn)
   (You found it on level 7 of the Dungeon)
 Q - a +0 helmet (worn)
   (You found it on level 1 of the Lair of Beasts)
 U - a +0 troll leather armour (worn)
   (You found it on level 10 of the Dungeon)
Magical Staves
 u - a staff of cold {!astaff}
   (You found it on level 3 of the Dungeon)
Jewellery
 H - a +6 ring of strength (left hand)
   (You found it on level 5 of the Dungeon)
 V - a ring of resist corrosion
   (You found it on level 10 of the Dungeon)
Wands
 d - a wand of acid (13)
   (You found it on level 6 of the Dungeon)
 o - a wand of flame (18)
   (You found it on level 2 of the Dungeon)
 y - a wand of polymorph (17)
   (You took it off Maggie on level 7 of the Dungeon)
 B - a wand of iceblast (10)
   (You found it on level 7 of the Dungeon)
 W - a wand of digging (2)
   (You found it on level 9 of the Dungeon)
Scrolls
 c - a scroll of torment {!r}
 h - 2 scrolls of enchant armour
 i - a scroll of blinking {!r}
 t - a scroll of fear
 C - 3 scrolls of fog
 R - a scroll of silence {!r}
 T - 3 scrolls of immolation {!r!r}
 X - a scroll of acquirement {unknown}
 Y - a scroll of teleportation {@r4}
 Z - 2 scrolls of amnesia
Potions
 a - a potion of brilliance
 b - a potion of magic
 e - 10 potions of curing {@q1}
 j - a potion of might
 k - a potion of lignification {!q}
 l - a potion of invisibility {unknown}
 n - 2 potions of haste {@q3}
 r - 4 potions of berserk rage {!q}
 v - a potion of ambrosia {unknown}
 A - 3 potions of heal wounds {@q2}
 D - 2 potions of resistance
 F - 4 potions of attraction {!q}
 I - 3 potions of mutation {!q}
 L - a potion of degeneration {unknown}
 N - 3 potions of flight

Dungeon Overview and Level Annotations

Branches:
Dungeon (11/15)            Temple (0/1) D:4            Lair (2/6) D:10
  Swamp: Lair:2-4    Shoals: Lair:2-4     Snake: Lair:2-4    Spider: Lair:2-4
    Orc: D:9-12

Shops:
D:6 ?   D:7 ?

Annotations:
D:5 Edmund

##### ##.⌠.##
#.....##
#§.<.§.#
#..@..##
##D..##
#.#+#.#
#......#
...⌠...#
..........
..⌠..>..⌠..
.............
.......⌠.....


You could see an eight-headed hydra (combustible).


Message History

Unknown command.
You conjure some foxfire!
You conjure some foxfire!
The foxfire hits the yak.
The foxfire hits the yak but does no damage.
You conjure some foxfire!
The foxfire hits the yak but does no damage.
The foxfire hits the yak.
The foxfire hits the yak!
You conjure some foxfire!
The foxfire hits the yak!
You conjure some foxfire!
The foxfire hits the yak.
The yak gores you but does no damage.
You conjure some foxfire!
The foxfire hits the yak.
The foxfire hits the yak!
The foxfire hits the yak.
The yak gores you. The yak gores you but does no damage.
Casting: Foxfire (safe; 1% risk of failure)
Confirm with . or Enter, or press ? or * to list all spells.
Casting: Flame Wave (mildly dangerous; 1% risk of failure)
Press: ? - help, Dir - look around, f - activate A wave of flame ripples out!
The flame wave engulfs your foxfire.
Your foxfire completely resists.
The flame wave engulfs the yak.
You kill the yak!
The flame wave engulfs your foxfire.
Your foxfire completely resists.
The flame wave engulfs the yak! (Press . to intensify the flame waves.)
The foxfire hits the yak. x2; The yak closely misses you.
A wave of flame ripples out!
The flame wave engulfs the yak.
The yak gores you!
A wave of flame ripples out!
The flame wave engulfs the yak.
You finish channelling waves of flame.
The yak gores you!
You conjure some foxfire!
The yak gores you but does no damage.
You conjure some foxfire!
The foxfire hits the yak but does no damage.
The foxfire hits the yak.
The yak completely misses you.
You conjure some foxfire!
The foxfire hits the yak!
The foxfire hits the yak.
You kill the yak!
You conjure some foxfire!
Unknown command.
w - 63 stones {throwing} (gained 19)
Found a stone staircase leading down.
Unknown command.
You now have 1034 gold pieces (gained 11).
Done exploring.
Unknown command.
Done exploring.
There is a stone staircase leading down here.
You climb downwards.
There is a stone staircase leading up here.
Unknown command.
An eight-headed hydra comes into view.
Found a stone staircase leading down.
The eight-headed hydra roars!
The eight-headed hydra bites you but does no damage.
The eight-headed hydra closely misses you.
The eight-headed hydra bites you! x2
The eight-headed hydra closely misses you.
The eight-headed hydra bites you.
The eight-headed hydra closely misses you.
The eight-headed hydra bites you!
Danger!
Casting: Foxfire (safe; 1% risk of failure)
Confirm with . or Enter, or press ? or * to list all spells.
Flames lash the eight-headed hydra.
The eight-headed hydra's fire resistance burns away.
The eight-headed hydra barely misses you.
The eight-headed hydra bites you but does no damage.
The eight-headed hydra bites you!
The eight-headed hydra closely misses you.
The eight-headed hydra bites you.
The eight-headed hydra barely misses you.
The eight-headed hydra bites you!
* * * LOW HITPOINT WARNING * * *
The eight-headed hydra misses you.
Casting: Scorch (safe; 1% risk of failure)
Confirm with . or Enter, or press ? or * to list all spells.
Casting: Flame Wave (mildly dangerous; 1% risk of failure)
Press: ? - help, Dir - look around, f - activate A wave of flame ripples out!
The flame wave engulfs the eight-headed hydra!!
The eight-headed hydra is burned terribly! (Press . to intensify the flame waves.)
The eight-headed hydra bites you.
* * * LOW HITPOINT WARNING * * *
The eight-headed hydra bites you but does no damage.
The eight-headed hydra bites you!
* * * LOW HITPOINT WARNING * * *
The eight-headed hydra bites you!
* * * LOW HITPOINT WARNING * * *
The eight-headed hydra bites you!
* * * LOW HITPOINT WARNING * * *
The eight-headed hydra bites you but does no damage.
The eight-headed hydra misses you. x2
A wave of flame ripples out!
The flame wave engulfs the eight-headed hydra!!
The eight-headed hydra is burned terribly!
The eight-headed hydra barely misses you.
The eight-headed hydra bites you but does no damage.
The eight-headed hydra bites you.
* * * LOW HITPOINT WARNING * * *
The eight-headed hydra bites you.
You die...

Skill      XL: |  1  2  3  4  5  6  7  8  9 10 11 |
---------------+----------------------------------+-----
Conjurations   | 1 2 3 4 6 7 |  7.0
Stealth        | 2 3 |  3.0
Dodging        | 2 3 |  3.0
Spellcasting   | 2 3 4 5 6 7 8 |  8.5
Armour         | 1 2 |  2.0
Fighting       | 1 2 3 5 6 8 9 |  9.1
Fire Magic     | 3 4 5 6 8 9 |  9.1
Shields        | |  0.6

Action                   |  1- 3 |  4- 6 |  7- 9 | 10-12 || total
-------------------------+-------+-------+-------+-------++-------
Melee: Dagger            |     1 |     4 |       |       ||     5
 Fire: Hunting sling     |       |    39 |    18 |       ||    57
Throw: Dart              |       |     3 |       |       ||     3
       Stone             |       |     2 |       |       ||     2
 Cast: Foxfire           |    97 |    86 |   219 |   275 ||   677
       Scorch            |     5 |    10 |    15 |    12 ||    42
       Flame Wave        |       |       |    12 |    28 ||    40
Evoke: Wand              |       |       |       |     1 ||     1
  Use: Scroll            |     5 |     6 |    11 |     3 ||    25
 Stab: Sleeping          |     1 |       |       |       ||     1
Armor: Robe              |     4 |    16 |     2 |       ||    22
       Acid dragon scale |       |       |    39 |    11 ||    50
       Troll leather arm |       |       |       |    19 ||    19
Dodge: Dodged            |     7 |    31 |    63 |    64 ||   165

Levels and vault maps discovered:
D:1:      moated_graveyard_arrival, layout_loops_corners, minmay_tetromino_o4
D:2:      layout_basic
D:3:      layout_basic, minivault_23, nicolae_wormholes
D:4:      layout_loops_cross, minmay_temple_entry_junction,
          portal_sewer_entry_e, minmay_distorted
D:5:      layout_basic, uniq_menkaure, uniq_eustachio, uniq_edmund,
          uniq_prince_ribbit1
D:6:      layout_layer_cave, serial_shops, nicolae_stop_n_shop_2
D:7:      layout_basic, serial_shops, kennysheep_mini_moat, uniq_maggie
D:8:      layout_loops_ring, jmf_multi_god_temple, uniq_grum, uniq_erica
D:9:      layout_cave_pools
D:10:     layout_small_grid, dpeg_oklobed_lair, uniq_lodul
D:11:     layout_loops_ring, fungi_pond_lemuel, uniq_sonja
Lair:1:   layout_chaotic_city, uniq_gastronok
Lair:2:   layout_loops_ring, minmay_snake_entry_six_corridors,
          guppyfry_lair_drakes, serial_bayou_shore_b, grunt_megastairs_3

Notes
Turn   | Place    | Note
-------+----------+-------------------------------------------
     0 | D:1      | Sobieck the Demigod Fire Elementalist began the quest for
                  | the Orb.
     0 | D:1      | Reached XP level 1. HP: 14/14 MP: 5/5
   249 | D:1      | Reached skill level 1 in Conjurations
   686 | D:1      | Reached XP level 2. HP: 22/22 MP: 0/7
   696 | D:1      | Learned a level 2 spell: Scorch
   760 | D:1      | Reached skill level 2 in Stealth
  1287 | D:2      | Reached skill level 2 in Dodging
  1288 | D:2      | Reached skill level 2 in Spellcasting
  1377 | D:2      | Reached XP level 3. HP: 27/27 MP: 4/8
  1391 | D:2      | Reached skill level 1 in Armour
  2115 | D:2      | Reached skill level 1 in Fighting
  2115 | D:2      | Reached skill level 3 in Fire Magic
  2523 | D:3      | Reached XP level 4. HP: 35/35 MP: 6/9
  2566 | D:3      | Learned a level 4 spell: Flame Wave
  2738 | D:3      | You pick up a book of Spatial Translocations and begin
                  | reading...
  2738 | D:3      | You add the spells Blink, Lesser Beckoning and Manifold
                  | Assault to your library.
  3368 | D:4      | You fall into a shaft and drop 1 floor!
  3368 | D:5      | Entered Level 5 of the Dungeon
  3416 | D:4      | Found a staircase to the Ecumenical Temple.
  3569 | D:4      | Reached XP level 5. HP: 26/40 MP: 2/11
  4007 | D:4      | You add the spells Ignite Poison, Mephitic Cloud and
                  | Freezing Cloud to your library.
  4224 | D:5      | Reached skill level 2 in Conjurations
  4335 | D:5      | Noticed a centaur
  4343 | D:5      | Killed a centaur
  4344 | D:5      | Reached skill level 2 in Fighting
  4344 | D:5      | Reached skill level 2 in Armour
  4486 | D:5      | Noticed Edmund
  4654 | D:5      | Noticed Menkaure
  4656 | D:5      | Noticed Prince Ribbit
  4670 | D:4      | Killed Menkaure
  4671 | D:4      | Reached skill level 3 in Stealth
  4671 | D:4      | Reached XP level 6. HP: 49/49 MP: 3/13
  4784 | D:5      | Killed Prince Ribbit
  4785 | D:5      | Reached skill level 3 in Spellcasting
  4785 | D:5      | Reached skill level 3 in Conjurations
  4785 | D:5      | Reached skill level 4 in Fire Magic
  4785 | D:5      | Reached XP level 7. HP: 52/56 MP: 9/15
  5008 | D:5      | Reached skill level 3 in Fighting
  5457 | D:5      | Noticed Eustachio
  5465 | D:5      | Killed Eustachio
  5596 | D:6      | Reached skill level 4 in Spellcasting
  5596 | D:6      | Reached skill level 4 in Conjurations
  5745 | D:6      | Reached XP level 8. HP: 66/66 MP: 12/17
  5899 | D:6      | Reached skill level 4 in Fighting
  5899 | D:6      | Reached skill level 5 in Fire Magic
  6451 | D:6      | Reached skill level 5 in Fighting
  6451 | D:6      | Reached skill level 5 in Spellcasting
  6585 | D:6      | Found Xiom Mol's Magic Scroll Shop.
  6589 | D:6      | Bought a scroll of identify for 26 gold pieces
  6589 | D:6      | Bought a scroll of blinking for 97 gold pieces
  6589 | D:6      | Bought a scroll of identify for 26 gold pieces
  7419 | D:7      | Noticed Maggie
  7429 | D:7      | Killed Maggie
  7644 | D:7      | Found Akkao's Magic Scroll Shop.
  7647 | D:7      | Bought a scroll of fog for 20 gold pieces
  7647 | D:7      | Bought a scroll of enchant armour for 75 gold pieces
  8481 | D:7      | Reached skill level 3 in Dodging
  8741 | D:7      | Reached XP level 9. HP: 73/74 MP: 16/20
  9184 | D:7      | Upgraded the game from 0.29-a0-474-gdfe5cd140f to
                  | 0.29-a0-477-g62b78b4225
  9238 | D:8      | Reached skill level 5 in Conjurations
  9469 | D:8      | Noticed Erica
  9475 | D:8      | Killed Erica
  9476 | D:8      | Reached skill level 6 in Fighting
  9476 | D:8      | Reached skill level 6 in Spellcasting
  9476 | D:8      | Reached skill level 6 in Fire Magic
  9860 | D:8      | Noticed Grum
  9870 | D:8      | Killed Grum
 10006 | D:8      | Reached skill level 6 in Conjurations
 10437 | D:9      | Reached XP level 10. HP: 67/84 MP: 12/23
 10944 | D:9      | Reached skill level 7 in Fire Magic
 11086 | D:9      | Reached skill level 7 in Fighting
 11449 | D:10     | Entered Level 10 of the Dungeon
 11644 | D:10     | Reached skill level 7 in Spellcasting
 11781 | D:10     | Noticed an oklob plant
 11864 | D:10     | Noticed Lodul
 11878 | D:10     | Killed Lodul
 11881 | D:10     | Reached skill level 7 in Conjurations
 12170 | D:10     | You pick up a book of Winter and begin reading...
 12170 | D:10     | You add the spells Ozocubu's Armour, Metabolic Englaciation
                  | and Simulacrum to your library.
 12310 | D:10     | Reached skill level 8 in Fire Magic
 12375 | D:10     | Reached skill level 8 in Fighting
 12425 | D:10     | You pick up a book of the Earth and begin reading...
 12425 | D:10     | You add the spells Leda's Liquefaction, Lee's Rapid
                  | Deconstruction and Statue Form to your library.
 12928 | D:10     | Found a staircase to the Lair.
 13115 | D:10     | Killed an oklob plant
 13183 | D:11     | Noticed Sonja
 13211 | D:11     | Killed Sonja
 13212 | D:11     | Reached XP level 11. HP: 80/94 MP: 15/27
 13404 | D:11     | Noticed a boulder beetle
 13467 | Lair:1   | Entered Level 1 of the Lair of Beasts
 13484 | Lair:1   | Reached skill level 8 in Spellcasting
 13721 | Lair:1   | Noticed Gastronok
 13838 | Lair:1   | Killed Gastronok
 14107 | Lair:1   | Reached skill level 9 in Fire Magic
 14110 | Lair:1   | Reached skill level 9 in Fighting
 14827 | Lair:2   | Noticed an eight-headed hydra
 14831 | Lair:2   | HP: 13/97 [eight-headed hydra (13)]
 14831 | Lair:2   | HP: 6/97 [eight-headed hydra (7)]
 14832 | Lair:2   | HP: 2/97 [eight-headed hydra (6)]
 14832 | Lair:2   | Slain by an eight-headed hydra

Vanquished Creatures
  Gastronok (Lair:1)
  Erica (D:8)
  Sonja (D:11)
  Lodul (D:10)
  An oklob plant (D:10)
  Maggie (D:7)
  A komodo dragon (Lair:1)
  A troll (D:10)
  Prince Ribbit (D:5)
  A wyvern (Lair:1)
  3 wraiths
  Grum (D:8)
  A vampire (D:9)
  Eustachio (D:5)
  24 yaks
  Menkaure (D:4)
  2 acid dragons
  A water moccasin (Lair:1)
  2 ice beasts
  A sky beast (D:7)
  An orc warrior (D:9)
  3 black bears
  3 wolves (D:8)
  4 centaurs
  7 ogres
  2 phantoms (D:6)
  3 kobold brigands
  4 bullfrogs
  A necrophage (D:6)
  A gnoll sergeant (D:7)
  3 scorpions
  8 wights
  6 howler monkeys
  5 hounds
  A jelly (D:4)
  5 orc priests
  2 iguanas
  7 orc wizards
  5 gnolls
  5 adders
  A shadow imp (D:6)
  2 white imps
  7 worms
  2 dart slugs
  22 orcs
  8 ball pythons
  5 bats
  5 endoplasms
  5 giant cockroaches
  4 goblins
  8 hobgoblins
  14 kobolds
  5 quokkas
  3 frilled lizards
  7 rats
221 creatures vanquished.

Vanquished Creatures (others)
  1195 foxfires
  8 fungi
  15 plants
1218 creatures vanquished.

Grand Total: 1439 creatures vanquished

Table legend:
 A = Non-vault XP
 B = Vault XP
 C = Vault XP percentage of total XP
 D = Non-vault monster count
 E = Vault monster count
 F = Vault count percentage of total count
                 A         B        C        D         E       F
            +---------+---------+-------+---------+---------+-------
      Total |   11625 |    6991 |  37.6 |     189 |      32 |  14.5
            +---------+---------+-------+---------+---------+-------
        D:1 |      20 |       7 |  25.9 |      14 |       4 |  22.2
        D:2 |      66 |       0 |   0.0 |      20 |       0 |   0.0
        D:3 |      32 |      25 |  43.9 |      12 |       5 |  29.4
        D:4 |      98 |     187 |  65.6 |      10 |       3 |  23.1
        D:5 |     541 |     448 |  45.3 |      12 |       2 |  14.3
        D:6 |    1033 |       0 |   0.0 |      19 |       0 |   0.0
        D:7 |     451 |     424 |  48.5 |      17 |       1 |   5.6
        D:8 |    1440 |    1635 |  53.2 |      21 |       7 |  25.0
        D:9 |    1450 |       0 |   0.0 |      22 |       0 |   0.0
       D:10 |    2563 |    2033 |  44.2 |      22 |       8 |  26.7
       D:11 |     790 |     766 |  49.2 |       4 |       1 |  20.0
     Lair:1 |    3141 |    1466 |  31.8 |      16 |       1 |   5.9
            +---------+---------+-------+---------+---------+-------

Illustrated notes

Table legend:
 A = Kills in this place as a percentage of kills in entire the game.
 B = Kills by you in this place as a percentage of kills by you in the entire game.
 C = Kills by friends in this place as a percentage of kills by friends in the entire game.
 D = Other kills in this place as a percentage of other kills in the entire game.
 E = Experience gained in this place as a percentage of experience gained in the entire game.
 F = Experience gained in this place divided by the number of levels of this place that you have seen.
                   A       B       C       D       E      F
               +-------+-------+-------+-------+-------+----------------------
         Total | 100.0 | 100.0 |   N/A |   N/A | 100.0 | 1432.0
       Dungeon |  92.3 |  92.3 |   N/A |   N/A |  75.3 | 1273.5
          Lair |   7.7 |   7.7 |   N/A |   N/A |  24.7 | 2303.5
               +-------+-------+-------+-------+-------+----------------------

Table legend: (Time is in decaauts)
 A = Elapsed time spent in this place.
 B = Non-inter-level travel time spent in this place.
 C = Inter-level travel time spent in this place.
 D = Time resting spent in this place.
 E = Time spent auto-exploring this place.
 F = Levels seen in this place.
 G = Mean time per level.
                   A        B        C        D        E       F      G
               +--------+--------+--------+--------+--------+-----+--------+
         Total |  14876 |  14621 |    255 |   2355 |  10071 |  13 | 1144.3 |
       Dungeon |  13512 |  13265 |    247 |   2200 |   9118 |  11 | 1228.4 |
          Lair |   1364 |   1357 |      7 |    155 |    953 |   2 |  682.0 |
               +--------+--------+--------+--------+--------+-----+--------+

Top non-repeatable levels by time:
     D:6: 1813 daAuts
     D:8: 1745 daAuts
    D:10: 1516 daAuts
     D:7: 1480 daAuts
  Lair:1: 1356 daAuts
     D:5: 1298 daAuts
     D:1: 1281 daAuts
     D:9: 1083 daAuts
     D:3: 1068 daAuts
     D:4: 999 daAuts
     D:2: 962 daAuts
    D:11: 262 daAuts
  Lair:2: 7 daAuts
